 Dungeon Crawl Stone Soup version 0.17.0-1-g61d176b (webtiles) character file.

809 McCoppin the Bolt Thrower (level 8, -1/65 HPs)
             Began as a Formicid Hunter on Nov 7, 2015.
             Was a Follower of Okawaru.
             Slain by an ogre
             ... wielding a cursed -1 giant club
              (12 damage)
             ... on level 5 of the Dungeon.
             The game lasted 00:20:39 (5610 turns).

McCoppin the Bolt Thrower (Formicid Hunter)         Turns: 5610, Time: 00:20:41

Health: -1/65      AC: 11    Str: 18    XL:     8   Next: 15%
Magic:  8/8        EV:  5    Int: 12    God:    Okawaru [*.....]
Gold:   201        SH:  0    Dex: 11    Spells: 0 memorised, 7 levels left

rFire  . . .     SeeInvis +     b - +1 short sword (elec)
rCold  . . .     Clarity  .     y - +0 plate armour
rNeg   . . .     SustAt   .     (no shield)
rPois  .         Gourm    .     (helmet unavailable)
rElec  .         Spirit   .     (no cloak)
rCorr  .         Warding  .     w - +0 pair of gloves
rMut   .         Stasis   +     (no boots)
MR     .....                    (no amulet)
Stlth  ..........               (no ring)
                                (no ring)

@: very slightly contaminated, invisible, not resistant to hostile enchantments,
extremely unstealthy
A: permanent stasis, dig shafts and tunnels, four strong arms, antennae 3
a: Dig, Shaft Self, Heroism, Renounce Religion


You were on level 5 of the Dungeon.
You worshipped Okawaru.
Okawaru was aware of your devotion.
You were not hungry.

You visited 1 branch of the dungeon, and saw 5 of its levels.

You collected 201 gold pieces.

Inventory:

Hand Weapons
 a - a +1 hand crossbow
 b - a +1 short sword of electrocution (weapon)
Missiles
 h - 20 bolts
 k - 4 needles of slowing
 v - 13 poisoned needles
Armour
 d - a +0 leather armour
 w - a +0 pair of gloves (worn)
 y - a +0 plate armour (worn)
Jewellery
 x - an uncursed ring of poison resistance {unknown}
Wands
 c - a wand of polymorph (6)
Scrolls
 g - a scroll of fear {unknown}
 j - 2 scrolls of recharging {unknown}
 n - 2 scrolls of magic mapping {unknown}
 o - a scroll of remove curse
 p - a scroll of immolation {unknown}
 s - 2 scrolls of amnesia
 t - a scroll of noise
 A - a scroll of identify
 D - a scroll of teleportation {unknown}
Potions
 e - a potion of mutation {unknown}
 i - 3 potions of haste {unknown}
 l - 2 potions of flight {unknown}
 m - 2 potions of cancellation {unknown}
 q - a potion of brilliance {unknown}
 u - 2 potions of magic {unknown}
 z - a potion of ambrosia {unknown}
 B - a potion of heal wounds {unknown}
 C - 2 potions of agility {unknown}
Comestibles
 r - 3 fruits
 E - 3 chunks of flesh


   Skills:
 + Level 6.9 Fighting
 + Level 7.3 Crossbows
 - Level 1.7 Dodging
 - Level 1.2 Stealth


You had 7 spell levels left.
You didn't know any spells.

Dungeon Overview and Level Annotations

Branches:
Dungeon (5/15)
 Temple: D:4-7

Altars:
Elyvilon
Okawaru
Vehumet
Xom


Innate Abilities, Weirdness & Mutations

You are under a permanent stasis effect.
You can dig through walls and to a lower floor.
Your four strong arms can wield two-handed weapons with a shield.
You have a pair of large antennae on your head (SInv).


Message History

You fade into invisibility!
The centaur hits you but does no damage.
The adder bites you but does no damage.
The quokka bites you but does no damage.
The centaur hits you.
* * * LOW HITPOINT WARNING * * *
You are very lightly contaminated with residual magic.
You hit the adder.
The adder is lightly wounded.
The adder bites you but does no damage.
The centaur hits you but does no damage.
The ogre barely misses you. The quokka barely misses you.
The adder bites you but does no damage.
You hit the adder but do no damage.
There is a sudden explosion of sparks!
You kill the adder!
Okawaru accepts your kill. The centaur hits you.
* * * LOW HITPOINT WARNING * * *
The quokka completely misses you. The ogre hits you with a giant club!
You die...

.........# ##..รท.#######
.........# ####...........#
..)......######..........#####
................####....##
....#.........### ##...###
.............## ##....###
..........((.## ####...#
..$......##ocO## #####
.....c.####r@.# #......
###.### .((.{# ##..## ....
#...## .{ ##...## ##.(.#
#<..## ##(..# ##....##


You could see an ogre, a centaur, an orc and a quokka.

Vanquished Creatures
  The ghost of septik the Chopper, an amateur MiBe of Trog (D:3)
  An ogre (D:4)
  A centaur (D:5)
  2 scorpions
  A jelly (D:4)
  An orc priest (D:4)
  An orc wizard (D:4)
  A giant frog skeleton (D:4)
  A worker ant (D:4)
  2 iguanas
  Robin (D:3)
  8 adders
  A gnoll (D:1)
  2 worms
  3 giant geckos
  12 orcs
  4 giant cockroaches (D:1)
  24 goblins
  13 hobgoblins
  8 jackals
  2 quokkas (D:3)
  3 ball pythons
  4 bats
  6 giant newts
  12 kobolds
  5 rats
120 creatures vanquished.

Notes
Turn   | Place    | Note
--------------------------------------------------------------
     0 | D:1      | McCoppin the Formicid Hunter began the quest for the Orb.
     0 | D:1      | Reached XP level 1. HP: 16/16 MP: 1/1
   165 | D:1      | Reached XP level 2. HP: 22/22 MP: 2/2
   400 | D:1      | Reached XP level 3. HP: 26/28 MP: 3/3
  1151 | D:2      | Reached XP level 4. HP: 22/35 MP: 4/4
  1448 | D:2      | Reached skill level 5 in Crossbows
  2459 | D:3      | Found a white marble altar of Elyvilon.
  2472 | D:3      | Found a radiant altar of Vehumet.
  2627 | D:3      | Reached XP level 5. HP: 42/42 MP: 5/5
  2700 | D:3      | Noticed septik's ghost (amateur MiBe)
  2722 | D:3      | Killed septik's ghost
  2722 | D:3      | Reached skill level 5 in Fighting
  2722 | D:3      | Reached XP level 6. HP: 26/51 MP: 6/6
  2942 | D:3      | Noticed Robin
  2943 | D:3      | Killed Robin
  3164 | D:3      | Found an iron altar of Okawaru.
  3188 | D:3      | Found a shimmering altar of Xom.
  3206 | D:3      | Reached skill level 6 in Crossbows
  3232 | D:3      | Became a worshipper of Warmaster Okawaru
  4284 | D:4      | Reached XP level 7. HP: 56/56 MP: 7/7
  5002 | D:5      | Entered Level 5 of the Dungeon
  5021 | D:5      | Reached * piety under Okawaru
  5021 | D:5      | Reached skill level 7 in Crossbows
  5021 | D:5      | Reached XP level 8. HP: 30/65 MP: 8/8
  5610 | D:5      | Slain by an ogre

Action                   |  1- 3 |  4- 6 |  7- 9 || total
-------------------------+-------+-------+-------++-------
Melee: Whip              |    81 |   115 |    39 ||   235
       Short sword       |       |       |    78 ||    78
 Fire: Hand crossbow     |    34 |   103 |    44 ||   181
  Use: Scroll            |       |     3 |       ||     3
       Potion            |       |     4 |     1 ||     5
 Stab: Sleeping          |     1 |     2 |       ||     3
  Eat: Chunk             |       |     5 |     2 ||     7
       Bread ration      |       |     1 |       ||     1
       Fruit             |       |     1 |       ||     1
       Meat ration       |       |       |     1 ||     1
